 Dungeon Crawl Stone Soup version 0.27-a0-1191-g601b473118 (webtiles) character file.

Game seed: 9954849623742153316

8954 flotson the Covert (level 11, -1/89 HPs)
             Began as a Gnoll Delver on May 23, 2021.
             Was an Initiate of Gozag.
             Slain by an ice devil (13 damage)
             ... on level 11 of the Dungeon.
             The game lasted 00:35:55 (15996 turns).

flotson the Covert (Gnoll Delver)                  Turns: 15996, Time: 00:35:57

Health: -1/89      AC: 15    Str: 15    XL:     11   Next: 38%
Magic:  0/20       EV: 16    Int: 10    God:    Gozag
Gold:   850        SH: 10    Dex: 15    Spells: 7/22 levels left

rFire    . . .     SeeInvis .   a - +2 long sword (freeze)
rCold    . . .     Faith    .   O - +0 kite shield
rNeg     + . .     Spirit   +   E - +3 ring mail
rPois    .         Reflect  .   L - +2 helmet
rElec    .         Harm     .   z - +0 cloak
rCorr    .         Rampage  +   (no gloves)
Will     .....                  k - +0 pair of boots
Stlth    ++++......             s - amulet "Ygimul" {Spirit Rampage rN+ Dex+2}
HPRegen  0.24/turn              t - +4 ring of evasion
MPRegen  0.17/turn              H - +4 ring of slaying

@: no status effects
A: fangs 1, strong nose, distributed training
a: Renounce Religion, Potion Petition, Call Merchant, Bribe Branch


You were on level 11 of the Dungeon.
You worshipped Gozag.
Gozag was pleased with you.
You visited 2 branches of the dungeon, and saw 13 of its levels.
You also visited: Bailey.

You collected 2508 gold pieces.
You spent 1604 gold pieces at shops.
You paid 54 gold pieces to Gozag.

Inventory:

Hand Weapons
 a - a +2 long sword of freezing (weapon)
 b - a +0 hunting sling
Missiles
 d - 59 boomerangs (quivered)
 e - a curare-tipped dart
 n - 40 poisoned darts
 u - 90 sling bullets
 G - 5 atropa-tipped darts
Armour
 k - a +0 pair of boots (worn)
 z - a +0 cloak (worn)
 E - a +3 ring mail (worn)
 L - a +2 helmet (worn)
 O - a +0 kite shield (worn)
Jewellery
 i - a +4 ring of protection
 j - a ring of see invisible
 l - a ring of protection from fire
 s - the amulet "Ygimul" (around neck) {Spirit Rampage rN+ Dex+2}
   (You bought it in a shop on level 1 of the Dungeon)

   [amulet of guardian spirit]

   It causes incoming damage to be divided between your reserves of health and
   magic.
   It affects your dexterity (+2).
   It protects you from negative energy.
   It bestows one free step when moving towards enemies.
 t - a +4 ring of evasion (left hand)
 D - a +6 ring of intelligence
 H - a +4 ring of slaying (right hand)
Wands
 g - a wand of digging (2)
 B - a wand of polymorph (4)
 F - a wand of charming (3)
Scrolls
 c - 2 scrolls of fog
 f - a scroll of immolation {unknown}
 m - 3 scrolls of teleportation
 o - a scroll of vulnerability {unknown}
 q - 2 scrolls of enchant weapon {unknown}
 y - a scroll of holy word {unknown}
 N - a scroll of noise {unknown}
Potions
 h - a potion of invisibility
 p - 8 potions of curing
 r - 3 potions of cancellation
 v - a potion of degeneration {unknown}
 w - 2 potions of resistance
 x - 2 potions of attraction
 A - 5 potions of magic
 C - a potion of heal wounds {unknown}
 J - 2 potions of haste
 K - a potion of ambrosia
 M - a potion of mutation {unknown}


   Skills:
 + Level 9.1 Fighting
 + Level 6.2 Short Blades
 + Level 6.2 Long Blades
 + Level 6.2 Axes
 + Level 6.2 Maces & Flails
 + Level 7.8 Polearms
 + Level 6.2 Staves
 + Level 6.2 Slings
 + Level 6.2 Bows
 + Level 6.2 Crossbows
 + Level 6.2 Throwing
 + Level 6.2 Armour
 + Level 7.8 Dodging
 + Level 11.2 Stealth
 + Level 6.2 Shields
 + Level 6.2 Unarmed Combat
 + Level 6.2 Spellcasting
 + Level 5.1 Conjurations
 + Level 5.1 Hexes
 + Level 5.1 Summonings
 + Level 5.1 Necromancy
 + Level 5.1 Translocations
 + Level 5.1 Transmutations
 + Level 5.1 Fire Magic
 + Level 5.1 Ice Magic
 + Level 5.1 Air Magic
 + Level 5.1 Earth Magic
 + Level 5.1 Poison Magic
 + Level 6.8 Invocations
 + Level 6.2 Evocations


You had 7 spell levels left.
You knew the following spells:

 Your Spells              Type           Power      Damage    Failure   Level
a - Mephitic Cloud        Conj/Pois/Air  13%        N/A       36%         3
b - Spider Form           Tmut/Pois      6%         N/A       36%         3
c - Vampiric Draining     Necr           6%         2d6       36%         3
d - Swiftness             Air            13%        N/A       36%         3
e - Confusing Touch       Hex            13%        N/A       36%         3

Your spell library contained the following spells:

 Spells                   Type           Power      Damage    Failure   Level
 Animate Skeleton         Necr           26%        N/A       13%         1
 Beastly Appendage        Tmut           26%        N/A       13%         1
 Corona                   Hex            14%        N/A       13%         1
 Pain                     Necr           52%        1d6       13%         1
 Shock                    Conj/Air       52%        1d6       13%         1
 Ensorcelled Hibernation  Hex/Ice        26%        N/A       21%         2
 Poisonous Vapours        Pois/Air       26%        N/A       21%         2
 Static Discharge         Conj/Air       13%        N/A       21%         2
 Wereblood                Tmut           13%        N/A       21%         2
 Conjure Flame            Conj/Fire      13%        6-21      36%         3
 Dazzling Flash           Conj/Hex       26%        N/A       36%         3
 Tukima's Dance           Hex            13%        N/A       36%         3
 Airstrike                Air            6%         N/A       78%         4
 Animate Dead             Necr           6%         N/A       78%         4
 Ice Form                 Ice/Tmut       13%        N/A       78%         4
 Agony                    Necr           13%        N/A       98%         5
 Hydra Form               Tmut           6%         N/A       98%         5
 Lightning Bolt           Conj/Air       6%         1d18      98%         5
 Freezing Cloud           Conj/Ice/Air   6%         6-21      100%        6


Dungeon Overview and Level Annotations

Branches:
Dungeon (12/15)            Temple (0/1) D:7            Lair (1/6) D:9
    Orc (0/2) D:11         Bailey (visited)

Altars:
Ashenzari
Dithmenos
Gozag
Kikubaaqudgha
Okawaru
Sif Muna
Uskayaw
Vehumet

Shops:
D:1 =

Portals:
Ice
Cave: D:11


Innate Abilities, Weirdness & Mutations

You have very sharp teeth.
Your uncanny sense of smell can sniff out nearby items.
Your experience applies equally to all skills.


Message History

There is an open door here.
An ice devil comes into view.
The helpless ice devil fails to defend itself.
You hit the ice devil but do no damage.
The ice devil hits you but does no damage.
You hit the ice devil but do no damage. The ice devil hits you!
The ice devil freezes you!
The ice devil hits you but does no damage.
You slash the ice devil!
The ice devil is moderately wounded.
The ice devil closely misses you. You block the ice devil's attack.
You slash the ice devil!
You bite the ice devil, but do no damage.
The ice devil is heavily wounded.
The ice devil hits you! The ice devil freezes you!
The ice devil barely misses you. You block the ice devil's attack. x2
You hit the ice devil.
The ice devil is severely wounded.
The ice devil barely misses you.
The ice devil hits you but does no damage.
You slash the ice devil!
The ice devil is almost dead.
You block the ice devil's attack. The ice devil hits you!
The ice devil freezes you!
You closely miss the ice devil.
The ice devil is almost dead.
The ice devil closely misses you.
You riposte.
You closely miss the ice devil.
You bite the ice devil, but do no damage.
You block the ice devil's attack. The ice devil hits you!
The ice devil freezes you!!
* * * LOW HITPOINT WARNING * * *
The ice devil hits you but does no damage.
You closely miss the ice devil. Your bite misses the ice devil.
The ice devil is almost dead.
The ice devil hits you but does no damage.
The ice devil hits you!
* * * LOW HITPOINT WARNING * * *
The ice devil freezes you!
You die...
Your body crumbles into a pile of gold.

,,,,,,#...# #.#
,,,,,,#...# #.#####
,,,,,,#...# #.....#
,,,,,,#...## #.###.#
#######....# ### #.#
...........####### #.#
...........##....####[#
#+########.##..4.##.'.#
#,,,,,,,,*.##∩..@...#.#
#,,,,,,,,*.##..4.##.+.#
#,,,,,,,,*.##....######
#*********,*######
..,,,,,,,,,***
...,****,,,,,* ###**
*******


You could see 2 ice devils.

Vanquished Creatures
  A hydra (D:12)
  A centaur warrior (D:9)
  An orc knight (Bailey)
  A manticore (D:9)
  A centaur zombie (D:10)
  An unseen horror (D:12)
  3 komodo dragons
  A wind drake (D:9)
  A slime creature (D:12)
  A wyvern (D:9)
  5 yaks (D:9)
  A basilisk (D:9)
  Eustachio (D:6)
  2 acid dragons
  A black bear (D:6)
  5 orc warriors
  An ogre (D:5)
  4 necrophages
  3 centaurs
  A phantom (D:6)
  A kobold brigand (D:9)
  5 bullfrogs
  A wyvern zombie (D:8)
  A gnoll sergeant (D:9)
  4 scorpions
  5 killer bees
  3 howler monkeys (D:12)
  4 wights (D:4)
  A bullfrog zombie (D:6)
  2 hounds
  A bullfrog skeleton (D:7)
  A gnoll shaman (D:9)
  7 orc priests
  3 jellies
  Crazy Yiuf (D:3)
  An iguana (D:8)
  Natasha (thrice) (D:4)
  6 orc wizards
  Terence (D:3)
  A killer bee zombie (D:6)
  A howler monkey zombie (D:9)
  18 gnolls
  2 howler monkey skeletons (D:7)
  6 adders
  A white imp (D:5)
  An ufetubus (D:5)
  An adder skeleton (D:4)
  6 dart slugs
  A worm (D:2)
  23 orcs
  7 endoplasms
  A giant cockroach (D:4)
  14 goblins
  8 hobgoblins
  10 jackals
  25 kobolds
  2 quokkas
  5 ball pythons
  8 bats
  2 frilled lizards (D:2)
  4 rats
234 creatures vanquished.

Vanquished Creatures (collateral kills)
  An acid dragon (D:9)
1 creature vanquished.

Vanquished Creatures (others)
  A vampire (D:9)
  A yak (D:9)
2 creatures vanquished.

Grand Total: 237 creatures vanquished

Notes
Turn   | Place    | Note
-------+----------+-------------------------------------------
     0 | D:5      | Reached skill level 9 in Stealth
     0 | D:5      | flotson the Gnoll Delver began the quest for the Orb.
     0 | D:5      | Reached XP level 1. HP: 23/23 MP: 1/1
    69 | D:5      | Noticed a hound
   191 | D:4      | Reached XP level 2. HP: 7/29 MP: 2/2
   481 | D:3      | Noticed Terence
   532 | D:4      | Noticed a necrophage
   596 | D:4      | Noticed a wight
   786 | D:4      | Reached XP level 3. HP: 35/35 MP: 3/3
   793 | D:4      | Reached skill level 1 in Invocations
   908 | D:4      | Reached skill level 1 in Short Blades
   908 | D:4      | Reached skill level 1 in Long Blades
   908 | D:4      | Reached skill level 1 in Axes
   908 | D:4      | Reached skill level 1 in Maces & Flails
   908 | D:4      | Reached skill level 1 in Staves
   908 | D:4      | Reached skill level 1 in Slings
   908 | D:4      | Reached skill level 1 in Bows
   908 | D:4      | Reached skill level 1 in Crossbows
   908 | D:4      | Reached skill level 1 in Throwing
   908 | D:4      | Reached skill level 1 in Armour
   908 | D:4      | Reached skill level 1 in Shields
   908 | D:4      | Reached skill level 1 in Unarmed Combat
   908 | D:4      | Reached skill level 1 in Spellcasting
   908 | D:4      | Reached skill level 1 in Evocations
   922 | D:4      | Reached XP level 4. HP: 10/41 MP: 5/5
  1605 | D:2      | Reached skill level 1 in Conjurations
  1605 | D:2      | Reached skill level 1 in Hexes
  1605 | D:2      | Reached skill level 1 in Summonings
  1605 | D:2      | Reached skill level 1 in Necromancy
  1605 | D:2      | Reached skill level 1 in Translocations
  1605 | D:2      | Reached skill level 1 in Transmutations
  1605 | D:2      | Reached skill level 1 in Fire Magic
  1605 | D:2      | Reached skill level 1 in Ice Magic
  1605 | D:2      | Reached skill level 1 in Air Magic
  1605 | D:2      | Reached skill level 1 in Earth Magic
  1605 | D:2      | Reached skill level 1 in Poison Magic
  1851 | D:2      | Found a hide-covered altar of Uskayaw.
  1913 | D:2      | Reached XP level 5. HP: 47/47 MP: 6/6
  2457 | D:1      | Found Kecuyg's Jewellery Boutique.
  3285 | D:3      | Killed Terence
  3286 | D:3      | Reached XP level 6. HP: 46/53 MP: 8/8
  3466 | D:3      | Found a runed translucent door.
  3467 | D:3      | Noticed Crazy Yiuf
  4071 | D:3      | Killed Crazy Yiuf
  4072 | D:3      | Reached skill level 5 in Polearms
  4072 | D:3      | Reached skill level 5 in Dodging
  4236 | D:4      | Noticed Natasha
  4243 | D:4      | Killed Natasha
  4294 | D:4      | Noticed Natasha
  4320 | D:4      | Killed Natasha
  4400 | D:4      | Noticed Natasha
  4405 | D:4      | Killed a necrophage
  4406 | D:4      | Reached XP level 7. HP: 49/59 MP: 10/10
  4409 | D:4      | Killed Natasha
  4516 | D:4      | Found an opulent altar of Gozag.
  4530 | D:4      | Became a worshipper of Gozag Ym Sagoz the Greedy
  5342 | D:5      | Reached skill level 10 in Stealth
  5342 | D:5      | Reached XP level 8. HP: 65/67 MP: 12/12
  6284 | D:6      | Noticed Eustachio
  6367 | D:6      | Killed Eustachio
  6678 | D:6      | You fall into a shaft and drop 2 floors!
  6718 | D:8      | Found a flagged portal.
  6752 | D:8      | Reached XP level 9. HP: 52/72 MP: 14/14
  6844 | Bailey   | Entered a bailey
  7146 | Bailey   | Noticed an orc knight
  7219 | Bailey   | Killed an orc knight
  7673 | D:8      | Found a shimmering blue altar of Sif Muna.
  7952 | D:6      | Reached skill level 5 in Invocations
  8603 | D:1      | Bought a +4 ring of slaying for 1014 gold pieces
  9304 | D:7      | Found a staircase to the Ecumenical Temple.
  9506 | D:7      | Reached XP level 10. HP: 80/80 MP: 17/17
  9510 | D:7      | Learned a level 3 spell: Mephitic Cloud
  9514 | D:7      | Learned a level 3 spell: Spider Form
  9518 | D:7      | Learned a level 3 spell: Vampiric Draining
  9520 | D:7      | Found a shadowy altar of Dithmenos.
  9524 | D:7      | Found a broken altar of Ashenzari.
  9672 | D:7      | Found a radiant altar of Vehumet.
  9682 | D:7      | Found an ancient bone altar of Kikubaaqudgha.
 10003 | D:8      | Reached skill level 5 in Short Blades
 10003 | D:8      | Reached skill level 5 in Long Blades
 10003 | D:8      | Reached skill level 5 in Axes
 10003 | D:8      | Reached skill level 5 in Maces & Flails
 10003 | D:8      | Reached skill level 5 in Staves
 10003 | D:8      | Reached skill level 5 in Slings
 10003 | D:8      | Reached skill level 5 in Bows
 10003 | D:8      | Reached skill level 5 in Crossbows
 10003 | D:8      | Reached skill level 5 in Throwing
 10003 | D:8      | Reached skill level 5 in Armour
 10003 | D:8      | Reached skill level 5 in Shields
 10003 | D:8      | Reached skill level 5 in Unarmed Combat
 10003 | D:8      | Reached skill level 5 in Spellcasting
 10003 | D:8      | Reached skill level 5 in Evocations
 10160 | D:8      | Learned a level 3 spell: Swiftness
 11360 | D:1      | Bought the amulet "Ygimul" {Spirit Rampage rN+ Dex+2} for
                  | 590 gold pieces
 11843 | D:9      | Noticed a centaur warrior
 11849 | D:9      | Noticed a manticore
 12210 | D:9      | Killed a centaur warrior
 12498 | D:9      | Killed a manticore
 12499 | D:9      | Reached skill level 11 in Stealth
 13262 | D:9      | Reached XP level 11. HP: 87/87 MP: 19/19
 13310 | D:9      | HP: 1/87 [wind drake/the air (10)]
 14265 | D:9      | Found a staircase to the Lair.
 14272 | Lair:1   | Entered Level 1 of the Lair of Beasts
 14835 | D:9      | Learned a level 3 spell: Confusing Touch
 15067 | D:10     | Entered Level 10 of the Dungeon
 15113 | D:10     | Reached skill level 5 in Conjurations
 15113 | D:10     | Reached skill level 5 in Hexes
 15113 | D:10     | Reached skill level 5 in Summonings
 15113 | D:10     | Reached skill level 5 in Necromancy
 15113 | D:10     | Reached skill level 5 in Translocations
 15113 | D:10     | Reached skill level 5 in Transmutations
 15113 | D:10     | Reached skill level 5 in Fire Magic
 15113 | D:10     | Reached skill level 5 in Ice Magic
 15113 | D:10     | Reached skill level 5 in Air Magic
 15113 | D:10     | Reached skill level 5 in Earth Magic
 15113 | D:10     | Reached skill level 5 in Poison Magic
 15123 | D:10     | You fall into a shaft and drop 2 floors!
 15126 | D:12     | Noticed a four-headed hydra
 15149 | D:12     | Killed a four-headed hydra
 15370 | D:12     | Noticed a boulder beetle
 15752 | D:12     | Found an iron altar of Okawaru.
 15984 | D:11     | Found a frozen archway.
 15996 | D:11     | Slain by an ice devil

Illustrated notes

Levels and vault maps discovered:
D:1:      dpeg_arrival_fog, layout_rooms, serial_shops, shop, serial_park_tiny_1
D:2:      minmay_spotlight, layout_loops_cross, basic_altar,
          small_statue_intersection
D:3:      layout_basic, chequers_mini_garden, hangedman_decor_push,
          minmay_misc_feat_doors, minmay_hedge_maze, uniq_crazy_yiuf_cottage,
          uniq_terence
D:4:      layout_basic, lemuel_doored_altar, uniq_natasha
D:5:      layout_basic, saegor_snake_ambush
D:6:      layout_basic, dk_vineyard_3, due_unseen_surprise, uniq_eustachio
D:7:      layout_loops_cross, grunt_temple_overflow_open,
          minmay_temple_entry_stoned_glass
D:8:      layout_basic, amcnicky_altar_gilded, enter_bailey_5,
          kennysheep_generic_room_11
D:9:      layout_gridville, erik_lair_dragon, minmay_bent
D:10:     layout_roguey, serial_curves, eino_curves_04, eino_curves_03,
          eino_curves_01, eino_curves_02, hangedman_decor_diamond_cutter,
          chequers_serial_rivers_small_b, kennysheep_kite_vault
D:11:     layout_irregular_city, erik_orc_4, serial_shops, nicolae_shop_trees,
          portal_ice_cave_demonic_guard, corexii_hall_statues_s,
          xom_teletrap_fun
D:12:     layout_basic, serial_rivers, chequers_serial_rivers_micro_b,
          chequers_serial_rivers_micro_c, chequers_serial_rivers_small_a,
          chequers_serial_rivers_micro_a, chequers_serial_rivers_room_a,
          okawaru_metal_pillars_3
Lair:1:   layout_chaotic_city, grunt_megastairs_1, uniq_joseph

Skill      XL: |  1  2  3  4  5  6  7  8  9 10 11 |
---------------+----------------------------------+-----
Stealth        | 10 11 | 11.2
Invocations    | 1 2 3 4 5 6 |  6.8
Short Blades   | 1 2 3 4 5 6 |  6.2
Long Blades    | 1 2 3 4 5 6 |  6.2
Axes           | 1 2 3 4 5 6 |  6.2
Maces & Flails | 1 2 3 4 5 6 |  6.2
Staves         | 1 2 3 4 5 6 |  6.2
Slings         | 1 2 3 4 5 6 |  6.2
Bows           | 1 2 3 4 5 6 |  6.2
Crossbows      | 1 2 3 4 5 6 |  6.2
Throwing       | 1 2 3 4 5 6 |  6.2
Armour         | 1 2 3 4 5 6 |  6.2
Shields        | 1 2 3 4 5 6 |  6.2
Unarmed Combat | 1 2 3 4 5 6 |  6.2
Spellcasting   | 1 2 3 4 5 6 |  6.2
Evocations     | 1 2 3 4 5 6 |  6.2
Conjurations   | 1 2 3 4 5 |  5.1
Hexes          | 1 2 3 4 5 |  5.1
Summonings     | 1 2 3 4 5 |  5.1
Necromancy     | 1 2 3 4 5 |  5.1
Translocations | 1 2 3 4 5 |  5.1
Transmutations | 1 2 3 4 5 |  5.1
Fire Magic     | 1 2 3 4 5 |  5.1
Ice Magic      | 1 2 3 4 5 |  5.1
Air Magic      | 1 2 3 4 5 |  5.1
Earth Magic    | 1 2 3 4 5 |  5.1
Poison Magic   | 1 2 3 4 5 |  5.1
Polearms       | 5 6 7 |  7.8
Dodging        | 5 6 7 |  7.8
Fighting       | 7 8 9 |  9.1

Action                   |  1- 3 |  4- 6 |  7- 9 | 10-12 || total
-------------------------+-------+-------+-------+-------++-------
Melee: Halberd           |    54 |   164 |       |       ||   218
       Bite              |       |     7 |    24 |    38 ||    69
       Quarterstaff      |       |    13 |   210 |   149 ||   372
       Long sword        |       |       |       |    70 ||    70
 Fire: Hunting sling     |     5 |    10 |    46 |   112 ||   173
Throw: Dart              |       |     8 |    36 |       ||    44
       Boomerang         |       |       |   133 |    10 ||   143
Evoke: Wand              |       |       |     1 |     3 ||     4
  Use: Potion            |     1 |       |     2 |     1 ||     4
       Scroll            |       |       |     6 |     6 ||    12
 Stab: Sleeping          |     2 |    24 |     6 |     5 ||    37
       Paralysed         |       |     1 |     1 |     3 ||     5
       Distracted        |       |       |     2 |     3 ||     5
Armor: Leather armour    |    11 |     3 |       |       ||    14
       Ring mail         |       |    13 |    76 |   105 ||   194
Dodge: Dodged            |    55 |    95 |   267 |   207 ||   624
Block: Kite shield       |       |       |       |    52 ||    52
       Rpst.: Long sword |       |       |       |     7 ||     7

Table legend: (Time is in decaauts)
 A = Elapsed time spent in this place.
 B = Non-inter-level travel time spent in this place.
 C = Inter-level travel time spent in this place.
 D = Time resting spent in this place.
 E = Time spent auto-exploring this place.
 F = Levels seen in this place.
 G = Mean time per level.
                   A        B        C        D        E       F      G
               +--------+--------+--------+--------+--------+-----+--------+
         Total |  16120 |  14424 |   1696 |   1844 |   9521 |  14 | 1151.4 |
       Dungeon |  15595 |  13899 |   1696 |   1844 |   9349 |  12 | 1299.6 |
          Lair |      1 |      1 |      0 |      0 |      0 |   1 |    1.0 |
        Bailey |    523 |    523 |      0 |      0 |    172 |   1 |  523.0 |
               +--------+--------+--------+--------+--------+-----+--------+

Top non-repeatable levels by time:
     D:9: 2862 daAuts
     D:4: 2353 daAuts
     D:8: 2074 daAuts
     D:5: 1631 daAuts
     D:6: 1589 daAuts
     D:3: 1571 daAuts
     D:2: 1204 daAuts
    D:12: 786 daAuts
     D:7: 766 daAuts
     D:1: 600 daAuts
  Bailey: 523 daAuts
    D:11: 94 daAuts
    D:10: 60 daAuts
  Lair:1: 1 daAuts
